 Dungeon Crawl Stone Soup version 0.24.0-13-gcf9b3192b9 (webtiles) character file.

Game seed: 4279002388258460752, levelgen mode: deterministic

11519 Iamsoldier the Grappler (level 11, -3/117 HPs)
             Began as a Troll Monk on Nov 5, 2019.
             Was a High Priest of Trog.
             Slain by a wolf (5 damage)
             ... on level 8 of the Dungeon.
             The game lasted 00:35:52 (10582 turns).

Iamsoldier the Grappler (Troll Monk)               Turns: 10582, Time: 00:35:53

Health: -3/117     AC:  6    Str: 24    XL:     11   Next: 50%
Magic:  10/10      EV: 18    Int:  6    God:    Trog [*****.]
Gold:   349        SH:  0    Dex: 12    Spells: 10/10 levels left

rFire    . . .     SeeInvis .     - Unarmed
rCold    . . .     Gourm    +   (no shield)
rNeg     . . .     Faith    .   a - +0 robe
rPois    .         Spirit   .   (helmet restricted)
rElec    +         Reflect  .   k - scarf {cloud immunity}
rCorr    .         Harm     .   (gloves unavailable)
MR       .....                  (boots unavailable)
Stlth    ++........             A - amulet of the Air {Inacc +Fly rElec EV+5 RMsl}
HPRegen  0.69/turn              (no ring)
MPRegen  0.12/turn              (no ring)

@: lethally poisoned (-3 -> -3), berserk cooldown, flying, very slightly
contaminated, slowed, repel missiles, very slow
A: large, unfitting armour, claws 3, fast metabolism 3, gourmand, regeneration
1, shaggy fur 1, tough skin 3
a: Berserk, Trog's Hand, Brothers in Arms, Renounce Religion


You were on level 8 of the Dungeon.
You worshipped Trog.
Trog was extremely pleased with you.
You were not hungry.

You visited 3 branches of the dungeon, and saw 12 of its levels.
You also visited: Sewer, Ossuary and Bailey.

You collected 559 gold pieces.
You spent 210 gold pieces at shops.

Inventory:

Armour
 a - a +0 robe (worn)
 k - a scarf of cloud immunity (worn)
Jewellery
 q - the cursed ring "Mow Nuzo" {Str-3 Int+8}
   (You found it on level 4 of the Dungeon)

   [ring of strength]

   It affects your strength (-3).
   It affects your intelligence (+8).
   It has a curse placed upon it.
 y - an uncursed ring of resist corrosion
 A - the amulet of the Air (around neck) {Inacc +Fly rElec EV+5 RMsl}
   (You found it on level 8 of the Dungeon)

   [amulet of inaccuracy]

   It reduces the accuracy of all your attacks.
   It affects your evasion (+5).
   It insulates you from electricity.
   It lets you fly.
   It protects you from missiles.
 C - an uncursed amulet of magic regeneration
Wands
 r - a wand of iceblast (12)
 u - a wand of acid (10)
 D - a wand of enslavement (13)
Scrolls
 c - 3 scrolls of amnesia
 d - 21 scrolls of identify
 e - 9 scrolls of teleportation
 f - 6 scrolls of remove curse
 g - a scroll of blinking
 n - 7 scrolls of enchant weapon
 o - a scroll of immolation {unknown}
 w - a scroll of torment {unknown}
 B - a scroll of silence {unknown}
Potions
 i - 2 potions of agility
 j - 2 potions of might
 l - 2 potions of haste {unknown}
 m - 3 potions of curing {unknown}
 p - 2 potions of flight
 s - 2 potions of degeneration {unknown}
 t - 3 potions of invisibility {unknown}
 v - 2 potions of mutation {unknown}
 x - a potion of magic {unknown}
 z - 2 potions of brilliance {unknown}
Comestibles
 b - 23 rations


   Skills:
 * Level 9.9 Fighting
 + Level 2.4 Throwing
 * Level 7.5 Dodging
 - Level 1.0 Stealth
 * Level 11.6 Unarmed Combat
 - Level 0.3 Spellcasting


You had 10 spell levels left.
You didn't know any spells.
Your spell library was empty.

Dungeon Overview and Level Annotations

Branches:
Dungeon (10/15)            Temple (1/1) D:4            Lair (1/6) D:8
    Orc (0/2) D:10          Sewer (visited)         Ossuary (visited)
 Bailey (visited)

Altars:
Ashenzari
Cheibriados
Dithmenos
Elyvilon
Fedhas
Gozag
Hepliaklqana
Kikubaaqudgha
Makhleb
Nemelex Xobeh
Okawaru
Qazlal
Ru
Sif Muna
Trog
Uskayaw
Vehumet
Wu Jian
Xom
Yredelemnul
Zin
The Shining One

Shops:
D:4 (   D:5 ?   D:10 :


Innate Abilities, Weirdness & Mutations

You are too large for most types of armour.
You have claws for hands.
Your metabolism is lightning-fast.
You like to eat raw meat.
Your natural rate of healing is unusually fast.
You are covered in fur. (AC +1)
You have extremely tough skin. (AC +3)


Message History

The seven-headed hydra bites you!
* * * LOW HITPOINT WARNING * * *
The seven-headed hydra bites you.
* * * LOW HITPOINT WARNING * * *
The seven-headed hydra bites you.
* * * LOW HITPOINT WARNING * * *
The bullfrog misses you. The wolf closely misses you.
The porcupine barely misses you.
You climb upwards.
Welcome back to the Dungeon!
You feel sick.
There is a staircase to the Lair here.
Okay, then.
Blink to where?
Press: ? - help, Dir - move target cursor, f - you
Okay, then.
It was a potion of flight.
You feel very buoyant.
You fly up into the air.
You feel sick. The wolf barely misses you. The wolf completely misses you.
The bullfrog closely misses you. The wolf bites you.
You die...

#...##............# #.##
###.######......#.######.##
#.#...........#........##
#.#....###....###########
#.#.#...≈...#.........# #
#.##..#...#..########.###
#.##.##..P##.# #.##.
#.##...PhFP..# #.###
#.##≈.Ph@P..≈# #.# #
#.##..rPPP...# #.# #
#.##.##P..##.# #.# #
#####.##..#...#..## #.# #
#.......#...≈...#.# #.# #
#.###......###....# #.# #
#.# #.#...........# #.# #
#.###.###..##...### #.###
#.##............## #....


You could see 2 wolves, a bullfrog and a porcupine.

Vanquished Creatures
  Erolcha (D:10)
  A deep elf archer (Bailey)
  8 deep elf magi (Bailey)
  A spiny frog (Lair:1)
  2 trolls (D:10)
  2 hippogriffs
  3 blink frogs (Lair:1)
  A wyvern (D:9)
  2 water moccasins
  An ice beast (D:5)
  A black bear (D:8)
  6 ogres
  3 sky beasts
  3 orc warriors
  A phantom (D:6)
  6 centaurs
  5 big kobolds
  4 bullfrogs
  A wyvern zombie (D:10)
  4 gnoll sergeants (D:10)
  3 water moccasin zombies (Ossuary)
  3 scorpions
  2 centaur zombies
  A crimson imp (D:5)
  A quasit (D:5)
  4 jellies
  2 orc priests
  3 hounds
  8 orc wizards
  A bullfrog skeleton (D:4)
  3 iron imps (D:3)
  3 iguanas
  8 worker ants
  A killer bee zombie (D:9)
  4 big kobold zombies (Ossuary)
  A hound skeleton (D:9)
  2 mummies (Ossuary)
  4 gnolls (D:10)
  A river rat (D:4)
  11 adders
  A shadow imp (D:9)
  An ooze (D:1)
  4 adder zombies (Ossuary)
  An adder skeleton (D:9)
  4 worms
  10 leopard geckos
  31 orcs
  8 bats
  8 giant cockroaches
  8 goblins
  5 hobgoblins
  24 jackals
  21 kobolds
  4 quokkas
  A ball python (D:6)
  4 frilled lizards
  4 hobgoblin zombies (Ossuary)
  3 kobold zombies (Ossuary)
  A leopard gecko zombie (D:8)
  7 orc zombies (Ossuary)
  A quokka skeleton (D:6)
  A quokka zombie (D:2)
  9 rats
283 creatures vanquished.

Vanquished Creatures (others)
  A deep elf mage (Bailey)
1 creature vanquished.

Grand Total: 284 creatures vanquished

Notes
Turn   | Place    | Note
-------+----------+-------------------------------------------
     0 | D:1      | Iamsoldier the Troll Monk began the quest for the Orb.
     0 | D:1      | Reached XP level 1. HP: 22/22 MP: 0/0
     0 | D:1      | Noticed a troll
     3 | D:1      | Noticed a minotaur skeleton
     8 | D:1      | Noticed a minotaur skeleton
    10 | D:1      | Noticed a formicid
    13 | D:1      | Noticed an elf
    17 | D:1      | Noticed a troll
   202 | D:1      | Reached XP level 2. HP: 29/29 MP: 1/1
   517 | D:1      | Reached XP level 3. HP: 36/36 MP: 2/2
  1263 | D:2      | Reached XP level 4. HP: 38/45 MP: 3/3
  1435 | D:2      | Reached skill level 4 in Unarmed Combat
  1595 | D:3      | Reached XP level 5. HP: 51/53 MP: 4/4
  1978 | D:3      | Found a burning altar of Makhleb.
  1994 | D:3      | Reached XP level 6. HP: 49/62 MP: 5/5
  1999 | D:3      | Reached skill level 5 in Unarmed Combat
  2250 | D:4      | Found a glowing drain.
  2264 | Sewer    | Entered a sewer
  2358 | Sewer    | Found a white marble altar of Elyvilon.
  2447 | D:4      | Got a translucent lead ring
  2470 | D:4      | Found Dauxunig's Antique Weapon Shoppe.
  2489 | D:4      | Found a stormy altar of Qazlal.
  2514 | D:4      | Reached XP level 7. HP: 71/71 MP: 6/6
  2782 | D:4      | Found a staircase to the Ecumenical Temple.
  3331 | Temple   | Entered the Ecumenical Temple
  3367 | Temple   | Became a worshipper of Trog the Wrathful
  3367 | Temple   | Reached * piety under Trog
  3367 | Temple   | Reached ** piety under Trog
  3410 | D:5      | Entered Level 5 of the Dungeon
  3420 | D:5      | Reached skill level 5 in Fighting
  3420 | D:5      | Reached skill level 6 in Unarmed Combat
  3688 | D:5      | Identified the cursed ring "Mow Nuzo" {Str-3 Int+8} (You
                  | found it on level 4 of the Dungeon)
  3810 | D:5      | Reached XP level 8. HP: 71/81 MP: 7/7
  3957 | D:5      | Found Oxox's Magic Scroll Emporium.
  3962 | D:5      | Bought a scroll of teleportation for 36 gold pieces
  3962 | D:5      | Bought 2 scrolls of identify for 48 gold pieces
  3962 | D:5      | Bought a scroll of teleportation for 36 gold pieces
  3962 | D:5      | Bought a scroll of enchant weapon for 90 gold pieces
  4388 | D:6      | Reached skill level 7 in Unarmed Combat
  5145 | D:6      | Found a blossoming altar of Fedhas.
  5154 | D:6      | Found a shattered altar of Ashenzari.
  5154 | D:6      | Found a glowing silver altar of Zin.
  5154 | D:6      | Found a snail-covered altar of Cheibriados.
  5154 | D:6      | Found a radiant altar of Vehumet.
  5155 | D:6      | Found a basalt altar of Yredelemnul.
  5157 | D:6      | Found a hazy altar of Hepliaklqana.
  5158 | D:6      | Found a hide-covered altar of Uskayaw.
  5159 | D:6      | Found an ornate altar of the Wu Jian Council.
  5468 | D:6      | Found a basalt altar of Yredelemnul.
  5661 | D:7      | Reached skill level 8 in Unarmed Combat
  5668 | D:7      | Reached skill level 5 in Dodging
  5668 | D:7      | Reached XP level 9. HP: 92/92 MP: 8/8
  5711 | D:7      | Found a sparkling altar of Nemelex Xobeh.
  5866 | D:7      | Reached *** piety under Trog
  5917 | D:7      | Found a blossoming altar of Fedhas.
  5980 | D:7      | Found a flagged portal.
  6005 | Bailey   | Entered a bailey
  6012 | Bailey   | Noticed a deep elf mage
  6025 | Bailey   | Killed a deep elf mage
  6259 | Bailey   | Noticed a deep elf mage
  6260 | Bailey   | Noticed a deep elf mage
  6260 | Bailey   | Noticed a deep elf mage
  6260 | Bailey   | Noticed a deep elf mage
  6265 | Bailey   | Killed a deep elf mage
  6265 | Bailey   | Reached skill level 9 in Unarmed Combat
  6270 | Bailey   | Killed a deep elf mage
  6272 | Bailey   | Noticed a deep elf mage
  6278 | Bailey   | Killed a deep elf mage
  6278 | Bailey   | Reached XP level 10. HP: 93/104 MP: 9/9
  6284 | Bailey   | Killed a deep elf mage
  6284 | Bailey   | Noticed a deep elf mage
  6284 | Bailey   | Noticed a deep elf mage
  6308 | Bailey   | Killed a deep elf mage
  6308 | Bailey   | Reached skill level 10 in Unarmed Combat
  6325 | Bailey   | Killed a deep elf mage
  6446 | Bailey   | Noticed a deep elf mage
  6453 | Bailey   | Killed a deep elf mage
  6470 | Bailey   | Killed a deep elf mage
  6746 | Bailey   | Noticed a deep elf archer
  6766 | Bailey   | Killed a deep elf archer
  7053 | Bailey   | Identified the Almanac of Excruciating Changing
  7056 | Bailey   | Identified Sif Muna's Reference Book on Conjuration and Aid
  7477 | D:8      | Found a sand-covered staircase.
  7484 | Ossuary  | Entered an ossuary
  7559 | Ossuary  | Reached **** piety under Trog
  7803 | D:8      | Found a staircase to the Lair.
  8080 | D:8      | Reached skill level 11 in Unarmed Combat
  8102 | D:8      | Found the amulet of the Air {Inacc +Fly rElec EV+5 RMsl}
  8552 | D:9      | Reached XP level 11. HP: 115/115 MP: 10/10
  8808 | D:9      | Found a white marble altar of Elyvilon.
  9041 | D:10     | Entered Level 10 of the Dungeon
  9057 | D:10     | Noticed Erolcha
  9071 | D:10     | Killed Erolcha
  9071 | D:10     | Reached skill level 1 in Throwing
  9228 | D:10     | Found a staircase to the Orcish Mines.
 10134 | D:10     | Found Mieh's Book Emporium.
 10533 | Lair:1   | Entered Level 1 of the Lair of Beasts
 10544 | Lair:1   | Reached ***** piety under Trog
 10564 | Lair:1   | Noticed a seven-headed hydra
 10580 | Lair:1   | HP: 3/117 [seven-headed hydra (4)]
 10582 | D:8      | Slain by a wolf

Levels and vault maps discovered:
D:1:      shiori_arrival_whats_in_store_for_you, layout_basic,
          lemuel_another_geyser
D:2:      layout_basic, first_ration, minmay_cupped
D:3:      layout_basic, demons_altar, st_stairs_7
D:4:      layout_basic, old_standard_altar, minmay_temple_entry_proselytizer,
          portal_sewer_entry_a, serial_shops, kennysheep_mini_moat,
          minmay_misc_feat_tiny
D:5:      layout_basic, serial_shops, kennysheep_little_box
D:6:      layout_loops_ring, minitemple, yredelemnul_altar_generic
D:7:      layout_basic, nemelex_xobeh_ov_fountains_minmay, enter_bailey_1,
          fedhas_ov_isle_minmay
D:8:      layout_loops_ring, dpeg_oklobed_lair,
          lightli_ossuary_entry_decrepit_ruins
D:9:      layout_loops_ring, elyvilon_altar_4
D:10:     layout_rooms, kennysheep_orc_monster_closet_entryway, serial_shops,
          nicolae_shop_behind_doors, grunt_pizzeria, uniq_erolcha
Temple:   jpeg_temple_island
Lair:1:   layout_cave_pods, grunt_forest_large_clearing_hut, lemuel_fruit_tree,
          infiniplex_staircase_pool

Skill      XL: |  1  2  3  4  5  6  7  8  9 10 11 |
---------------+----------------------------------+-----
Fighting       | 3 4 5 6 8 9 |  9.9
Unarmed Combat | 4 5 6 8 9 11 | 11.6
Dodging        | 3 4 5 6 7 |  7.5
Throwing       | 2 |  2.4
Stealth        | |  1.0
Spellcasting   | |  0.3

Action                   |  1- 3 |  4- 6 |  7- 9 | 10-12 || total
-------------------------+-------+-------+-------+-------++-------
Melee: Unarmed           |    92 |   135 |   243 |   357 ||   827
       Punch             |     3 |     2 |     9 |    16 ||    30
Invok: Berserk           |       |       |     6 |     9 ||    15
       Trog's Hand       |       |       |       |     3 ||     3
  Use: Scroll            |       |       |     6 |     6 ||    12
       Potion            |       |       |       |    10 ||    10
 Stab: Sleeping          |     6 |     1 |     1 |     1 ||     9
       Distracted        |       |       |     1 |       ||     1
  Eat: Chunk             |    17 |    11 |    40 |    43 ||   111
Armor: Robe              |    46 |    37 |    85 |   105 ||   273
Dodge: Dodged            |    50 |    80 |   131 |   350 ||   611
       Deflected         |       |       |       |     2 ||     2
